 Dungeon Crawl Stone Soup version 0.25.0-33-gff14898491 (webtiles) character file.

Game seed: 4020416114258162500

2438 simples the Conjurer (level 9, -16/62 HPs)
             Began as a Black Draconian Conjurer on July 7, 2020.
             Was an Initiate of Vehumet.
             Demolished by Harold
             ... wielding a +0 battleaxe
              (17 damage)
             ... on level 8 of the Dungeon.
             The game lasted 00:10:59 (8404 turns).

simples the Conjurer (Black Draconian Conjurer)     Turns: 8404, Time: 00:10:59

Health: -16/62     AC:  7    Str: 13    XL:     9   Next: 25%
Magic:  18/18      EV:  8    Int: 19    God:    Vehumet [......]
Gold:   235        SH:  0    Dex: 11    Spells: 17/20 levels left

rFire    + . .     SeeInvis .   g - +1 dagger (venom)
rCold    . . .     Gourm    .   o - +0 buckler
rNeg     + . .     Faith    .   (armour unavailable)
rPois    .         Spirit   .   (helmet restricted)
rElec    +         Reflect  .   (no cloak)
rCorr    .         Harm     .   (no gloves)
MR       .....                  (no boots)
Stlth    ++........             u - amulet of magic regeneration
HPRegen  0.20/turn              v - ring "Pokkiagh" {rF+ rN+ Str+2}
MPRegen  0.41/turn              (no ring)

@: marked, held
A: breathe lightning, unfitting armour, electricity resistance, cold-blooded, AC
+7
a: Breathe Lightning, Renounce Religion


You were on level 8 of the Dungeon.
You worshipped Vehumet.
Vehumet was noncommittal.
You were not hungry.

You visited 2 branches of the dungeon, and saw 9 of its levels.

You collected 235 gold pieces.

Inventory:

Hand Weapons
 g - a +1 dagger of venom (weapon)
Armour
 o - a +0 buckler (worn)
Jewellery
 e - the amulet "Leatzus" {Faith Int+6}
   (You found it on level 5 of the Dungeon)

   [amulet of faith]

   It allows you to gain divine favour quickly.
   It affects your intelligence (+6).
 u - an amulet of magic regeneration (around neck)
 v - the ring "Pokkiagh" (left hand) {rF+ rN+ Str+2}
   (You found it on level 4 of the Dungeon)

   [ring of positive energy]

   It affects your strength (+2).
   It protects you from fire.
   It protects you from negative energy.
Wands
 A - a wand of digging (6)
Scrolls
 d - 3 scrolls of immolation
 h - 3 scrolls of remove curse
 i - 2 scrolls of enchant armour
 k - 3 scrolls of amnesia
 n - a scroll of random uselessness
 q - a scroll of magic mapping
 t - 2 scrolls of teleportation {unknown}
 x - a scroll of fog {unknown}
 y - a scroll of fear {unknown}
 B - a scroll of identify
Potions
 a - a potion of curing
 c - a potion of degeneration {unknown}
 f - 2 potions of cancellation {unknown}
 j - a potion of ambrosia {unknown}
 l - 2 potions of haste {unknown}
 p - 4 potions of lignification {unknown}
 r - 2 potions of might {unknown}
 s - 2 potions of magic {unknown}
 w - a potion of mutation {unknown}
Comestibles
 b - 14 rations
 z - 4 chunks of flesh


   Skills:
 + Level 6.4 Dodging
 - Level 1.7 Stealth
 - Level 4.1 Shields
 + Level 6.4 Spellcasting
 + Level 7.9 Conjurations


You had 17 spell levels left.
You knew the following spells:

 Your Spells              Type           Power        Failure   Level  Hunger
a - Magic Dart            Conj           ####         1%          1    None
b - Searing Ray           Conj           #####.       1%          2    None

Your spell library contained the following spells:

 Spells                   Type           Power        Failure   Level  Hunger
 Dazzling Flash           Conj/Hex       ###...       6%          3    ##.....
 Summon Small Mammal      Summ           #...         11%         1    None
 Call Imp                 Summ           #.......     16%         2    None
 Fulminant Prism          Conj/Hex       ###.......   21%         4    ####...
 Iskenderun's Mystic Bla  Conj/Tloc      ###.....     21%         4    ####...
 Call Canine Familiar     Summ           #.......     32%         3    ##.....
 Summon Guardian Golem    Hex/Summ       #.......     32%         3    ##.....
 Summon Ice Beast         Ice/Summ       #.......     71%         4    ####...
 Summon Lightning Spire   Summ/Air       #.......     71%         4    ####...


Dungeon Overview and Level Annotations

Branches:
Dungeon (8/15)             Temple (1/1) D:7
   Lair: D:8-11

Altars:
Ashenzari
Cheibriados
Dithmenos
Elyvilon
Fedhas
Gozag
Hepliaklqana
Makhleb
Nemelex Xobeh
Okawaru
Qazlal
Ru
Sif Muna
Trog
Uskayaw
Vehumet
Wu Jian
Xom
Yredelemnul
Zin
The Shining One

Annotations:
D:8 Harold


Innate Abilities, Weirdness & Mutations

You can breathe wild blasts of lightning.
Your glossy black scales are hard. (AC +7)
You cannot fit into any form of body armour.
You are resistant to electric shocks. (rElec)
You are cold-blooded and may be slowed by cold attacks.


Message History

You feel better.
The centaur shoots an arrow.
The arrow hits you!
The quokka barely misses you. x2; The centaur shoots an arrow.
The arrow hits you.
You can't do that while held in a net.
Unknown command.
You struggle against the net.
Harold hits you with a +0 battleaxe!!
* * * LOW HITPOINT WARNING * * *
The centaur shoots an arrow.
The arrow hits you.
* * * LOW HITPOINT WARNING * * *
The quokka barely misses you.
Okay, then.
As you read the scroll labeled JUQOUF EKHLOMI, it crumbles to dust.
It is a scroll of enchant weapon.
Really abort (and waste the scroll)? [Y]es or [N]o only, please.
Really abort (and waste the scroll)?
Okay, then.
The centaur shoots an arrow.
The arrow hits you but does no damage. The quokka completely misses you.
Harold hits you with a +0 battleaxe!
You die...

## ..
###^#####
....(...####
.......r(..##
...../.@....#
......@.....#
............#
...........c#
............#
...........##
######.....#
#####.#


You could see Harold, a centaur and a quokka.

Vanquished Creatures
  Eustachio (D:5)
  A spriggan (D:7)
  Menkaure (D:7)
  An orc warrior (D:7)
  2 phantoms
  4 sky beasts
  A black bear (D:7)
  2 ice beasts (D:7)
  2 ogres (D:4)
  A scorpion (D:7)
  5 wights (D:6)
  A jelly (D:5)
  2 bullfrog zombies
  3 hounds (D:7)
  A gnoll shaman (D:7)
  An orc priest (D:7)
  A bullfrog skeleton (D:7)
  An orc wizard (D:5)
  4 worker ants
  A killer bee zombie (D:7)
  A hound zombie (D:6)
  A mummy (D:7)
  5 gnolls (D:7)
  A howler monkey skeleton (D:6)
  8 adders
  A shadow imp (D:5)
  2 oozes
  2 adder zombies
  3 worms
  A dart slug (D:2)
  5 leopard geckos
  16 orcs
  2 ball pythons (D:2)
  8 giant cockroaches
  3 hobgoblins
  8 jackals
  A quokka (D:5)
  4 bats
  5 frilled lizards
  3 goblins
  6 kobolds
  A quokka skeleton (D:5)
  7 rats
130 creatures vanquished.

Notes
Turn   | Place    | Note
-------+----------+-------------------------------------------
     0 | D:1      | simples the Draconian Conjurer began the quest for the Orb.
     0 | D:1      | Reached XP level 1. HP: 14/14 MP: 3/3
   818 | D:1      | Reached XP level 2. HP: 20/20 MP: 0/5
   954 | D:2      | Found a shadowy altar of Dithmenos.
  1378 | D:2      | Reached XP level 3. HP: 26/26 MP: 0/6
  1382 | D:2      | Learned a level 2 spell: Searing Ray
  1664 | D:2      | Found a faded altar of an unknown god.
  1813 | D:2      | Found an ornate altar of the Wu Jian Council.
  2469 | D:3      | Noticed a sky beast
  2473 | D:3      | Killed a sky beast
  2473 | D:3      | Reached XP level 4. HP: 33/33 MP: 3/8
  2473 | D:3      | Reached XP level 5. HP: 38/38 MP: 3/9
  2780 | D:3      | Reached skill level 5 in Conjurations
  2866 | D:3      | Found a blossoming altar of Fedhas.
  3507 | D:4      | Noticed an ogre
  3514 | D:4      | Killed an ogre
  3514 | D:4      | Reached XP level 6. HP: 45/45 MP: 3/11
  3994 | D:4      | Got a brightly glowing lapis lazuli ring
  4018 | D:4      | Identified the ring "Pokkiagh" {rF+ rN+ Str+2} (You found
                  | it on level 4 of the Dungeon)
  4489 | D:5      | Entered Level 5 of the Dungeon
  4489 | D:5      | Noticed Eustachio
  4499 | D:5      | Killed Eustachio
  4499 | D:5      | Your scales start taking on a glossy black colour.
  4499 | D:5      | Reached XP level 7. HP: 48/50 MP: 3/13
  4499 | D:5      | Gained mutation: You are resistant to electric shocks.
                  | (rElec) [Black Draconian growth]
  4591 | D:5      | Found an opulent altar of Gozag.
  4642 | D:5      | Got a crude crystal amulet
  4672 | D:5      | Reached skill level 6 in Conjurations
  4802 | D:5      | Reached skill level 1 in Shields
  5188 | D:5      | Found a sacrificial altar of Ru.
  5830 | D:6      | Reached skill level 5 in Spellcasting
  5876 | D:6      | Reached XP level 8. HP: 57/57 MP: 12/15
  5941 | D:6      | Identified the amulet "Leatzus" {Faith Int+6} (You found it
                  | on level 5 of the Dungeon)
  5956 | D:6      | Reached skill level 5 in Dodging
  5974 | D:6      | Found a hazy altar of Hepliaklqana.
  5975 | D:6      | Found an iron altar of Okawaru.
  5977 | D:6      | Found a burning altar of Makhleb.
  6094 | D:6      | Found an iron altar of Okawaru.
  6641 | D:7      | Reached skill level 7 in Conjurations
  6955 | D:7      | Found a stormy altar of Qazlal.
  7346 | D:7      | Found a staircase to the Ecumenical Temple.
  7360 | Temple   | Entered the Ecumenical Temple
  7634 | Temple   | Became a worshipper of Vehumet
  7824 | D:7      | Reached XP level 9. HP: 46/62 MP: 15/18
  7914 | D:7      | Noticed Menkaure
  7940 | D:7      | Killed Menkaure
  8262 | D:7      | Found a snail-covered altar of Cheibriados.
  8396 | D:8      | Noticed Harold
  8403 | D:8      | HP: 1/62 [centaur/arrow (6)]
  8404 | D:8      | Demolished by Harold

Illustrated notes

Levels and vault maps discovered:
D:1:      roderic_octagonal_star, layout_loops_ring, minmay_misc_feat_enclosed
D:2:      layout_basic, lemuel_doored_altar, nicolae_dithmenos_shadow_blocks,
          chequers_ecumenical_altar_simple_redux
D:3:      layout_loops_ring, lemuel_crystal_altar, first_ration
D:4:      layout_basic
D:5:      layout_layer_cave, nicolae_gozag_cash_rules_everything_around_me,
          basic_altar, serial_park_tiny_pond, uniq_eustachio
D:6:      layout_cave_pools, minitemple, nrook_uturn, lemuel_altar_in_water
D:7:      layout_loops_ring, minmay_temple_entry_proselytizer, basic_altar,
          the_bakery, chei_slow_surprise, uniq_menkaure
D:8:      layout_basic, special_room [special_room_orc], uniq_harold
Temple:   eino_temple_water

Skill      XL: |  1  2  3  4  5  6  7  8 |
---------------+-------------------------+-----
Dodging        | 2 3 4 6 |  6.4
Spellcasting   | 3 4 5 6 |  6.4
Conjurations   | 5 6 7 |  7.9
Shields        | 2 4 |  4.1
Stealth        | |  1.7

Action                   |  1- 3 |  4- 6 |  7- 9 || total
-------------------------+-------+-------+-------++-------
Melee: Dagger            |    30 |    19 |    16 ||    65
       Tailslap          |     1 |     3 |     2 ||     6
 Cast: Magic Dart        |    39 |     2 |     2 ||    43
       Searing Ray       |     9 |    28 |    67 ||   104
  Use: Potion            |     2 |       |     2 ||     4
       Scroll            |       |     8 |     1 ||     9
 Stab: Sleeping          |     1 |       |       ||     1
  Eat: Chunk             |     3 |     3 |    13 ||    19
       Ration            |     1 |     1 |       ||     2
Armor: Skin              |     9 |    10 |    27 ||    46
Dodge: Dodged            |    32 |    19 |    60 ||   111
Block: Buckler           |       |       |     4 ||     4
